 Dungeon Crawl Stone Soup version 0.29-a0-643-ga013cefcf8 (webtiles) character file.

Game seed: 12871307291797301373

43 fernweh the Slicer (level 3, -1/35 HPs)
             Began as a Gnoll Wanderer on June 20, 2022.
             Succumbed to Robin's poison
             ... on level 2 of the Dungeon.
             The game lasted 00:02:29 (955 turns).

fernweh the Slicer (Gnoll Wanderer)                  Turns: 955, Time: 00:02:31

Health: -1/35      AC:  3    Str: 12    XL:     3   Next: 58%
Magic:  5/7        EV: 11    Int: 10    God:
Gold:   10         SH:  0    Dex: 13    Spells: 6/7 levels left

rFire   . . .      SeeInvis .   a - +3 short sword
rCold   . . .      Faith    .   (no shield)
rNeg    . . .      Spirit   .   c - +0 leather armour
rPois   .          Reflect  .   (no helmet)
rElec   .          Harm     .   (no cloak)
rCorr   .          Rampage  .   (no gloves)
Will    .....                   (no boots)
Stlth   ++........              (no amulet)
HPRegen 0.11/turn               (no ring)
MPRegen 0.10/turn               (no ring)

@: brilliant, lethally poisoned (-1 -> -20)
A: fangs 1, strong nose, distributed training
a: no special abilities


You were on level 2 of the Dungeon.
You visited 1 branch of the dungeon, and saw 2 of its levels.

You collected 10 gold pieces.

Inventory:

Hand Weapons
 a - a +3 short sword (weapon)
Armour
 c - a +0 leather armour (worn)
Scrolls
 e - 2 scrolls of identify {unknown}
 g - a scroll of torment {unknown}
 i - a scroll of teleportation {unknown}
 j - a scroll of poison {unknown}
Potions
 b - a potion of might
 d - a potion of cancellation {unknown}
 f - a potion of curing {unknown}
 h - a potion of brilliance


   Skills:
 + Level 6.5 Fighting
 + Level 8.5 Short Blades
 + Level 0.8 Long Blades
 + Level 0.8 Axes
 + Level 0.8 Maces & Flails
 + Level 0.8 Polearms
 + Level 0.8 Staves
 + Level 0.8 Slings
 + Level 0.8 Bows
 + Level 0.8 Crossbows
 + Level 0.8 Throwing
 + Level 0.8 Armour
 + Level 0.8 Dodging
 + Level 2.4 Stealth
 + Level 0.8 Shields
 + Level 0.8 Unarmed Combat
 + Level 2.8 Spellcasting
 + Level 0.5 Conjurations
 + Level 0.5 Hexes
 + Level 0.5 Summonings
 + Level 0.5 Necromancy
 + Level 0.5 Translocations
 + Level 0.5 Transmutations
 + Level 2.1 Fire Magic
 + Level 0.5 Ice Magic
 + Level 0.5 Air Magic
 + Level 0.5 Earth Magic
 + Level 0.5 Poison Magic
 + Level 1.0 Invocations
 + Level 0.8 Evocations


You had 6 spell levels left.
You knew the following spells:

 Your Spells              Type           Power      Damage    Failure   Level
a - Foxfire               Conj/Fire      24%        2x1d5     22%         1

Your spell library contained the following spells:

 Spells                   Type           Power      Damage    Failure   Level
 Conjure Flame            Conj/Fire      6%         6-21      54%         3


Dungeon Overview and Level Annotations

Branches:
Dungeon (2/15)

Altars:


Innate Abilities, Weirdness & Mutations

You have very sharp teeth.
Your uncanny sense of smell can sniff out nearby items.
Your experience applies equally to all skills.


Message History

Robin is moderately wounded.
You hit Robin. Your bite misses Robin.
Robin is heavily wounded.
The foxfire hits Robin but does no damage.
Robin is heavily wounded.
Robin hits you with a +2 dagger of venom.
You are poisoned.
You closely miss Robin.
Robin is heavily wounded.
You feel sick.
The foxfire hits Robin.
Robin is severely wounded.
Your foxfire dissipates!
You hit Robin but do no damage.
Robin is severely wounded.
You feel sick.
Robin hits you with a +2 dagger of venom.
You are more poisoned.
You closely miss Robin. You bite Robin, but do no damage.
Robin is severely wounded.
You feel very sick.
Robin hits you with a +2 dagger of venom.
You are lethally poisoned!
You hit Robin.
Robin is almost dead.
You feel very sick.
You puncture Robin!
You kill Robin!
* * * LOW HITPOINT WARNING * * *
You feel very sick.
Your Invocations skill increases to level 1!
Unknown command.
* * * LOW HITPOINT WARNING * * *
You feel very sick. The hobgoblin hits you.
* * * LOW HITPOINT WARNING * * *
Things that are here:
a +2 dagger of venom; a +0 animal skin; a +0 helmet It was a potion of brilliance.
You feel clever all of a sudden.
You die...

......##)# ....♣.♣♣..#
......##.###.........#
###+#.##.#....♣._♣♣P.#
#...........♣.♣..#
#.##.###...♣.....#
####.....P.....P.#
...#####.......# #.
##.##..### ∆ ..
#.g@....# ...
#.#####..# .#. #.# .#
..# #


P.PP .PgPg PgPJ K ..g. gP You could see a hobgoblin (strong).

Vanquished Creatures
  Robin (D:2)
  2 dart slugs (D:1)
  A ball python (D:1)
  A bat (D:2)
  An endoplasm (D:1)
  3 giant cockroaches (D:1)
  7 goblins
  A hobgoblin (D:2)
  A quokka (D:2)
  A frilled lizard (D:1)
  5 kobolds (D:1)
  3 rats (D:1)
27 creatures vanquished.

Vanquished Creatures (others)
  5 foxfires (D:2)
  5 fungi (D:2)
  5 plants (D:2)
15 creatures vanquished.

Grand Total: 42 creatures vanquished

Notes
Turn   | Place    | Note
-------+----------+-------------------------------------------
     0 | D:1      | fernweh the Gnoll Wanderer began the quest for the Orb.
     0 | D:1      | fernweh set off with the following items: a +3 short sword,
                  | a potion of might, a +0 leather armour; and the following
                  | spell memorised: Foxfire; and the following spells
                  | available to memorise: Conjure Flame.
     0 | D:1      | Reached XP level 1. HP: 23/23 MP: 4/4
   189 | D:1      | You fall into a shaft and drop 1 floor!
   238 | D:1      | Reached XP level 2. HP: 29/29 MP: 5/5
   771 | D:2      | Reached XP level 3. HP: 31/35 MP: 7/7
   930 | D:2      | Found a faded altar of an unknown god.
   937 | D:2      | Noticed Robin
   953 | D:2      | Killed Robin
   954 | D:2      | Reached skill level 1 in Invocations
   955 | D:2      | Succumbed to Robin's poison

Illustrated notes

Levels and vault maps discovered:
D:1:      zaba_arrival_water, layout_loops_ring, ebering_dispersal_statue_hall
D:2:      layout_basic, dreamdust_ecumenical_altar_grove, minmay_hedge_maze,
          kennysheep_nondescript, minmay_pentomino_o2, uniq_robin

Skill      XL: |  1  2  3 |
---------------+----------+-----
Fire Magic     | 2 |  2.1
Invocations    | 1 |  1.0
Fighting       | |  6.5
Short Blades   | |  8.5
Long Blades    | |  0.8
Axes           | |  0.8
Maces & Flails | |  0.8
Polearms       | |  0.8
Staves         | |  0.8
Slings         | |  0.8
Bows           | |  0.8
Crossbows      | |  0.8
Throwing       | |  0.8
Armour         | |  0.8
Dodging        | |  0.8
Stealth        | |  2.4
Shields        | |  0.8
Unarmed Combat | |  0.8
Spellcasting   | |  2.8
Conjurations   | |  0.5
Hexes          | |  0.5
Summonings     | |  0.5
Necromancy     | |  0.5
Translocations | |  0.5
Transmutations | |  0.5
Ice Magic      | |  0.5
Air Magic      | |  0.5
Earth Magic    | |  0.5
Poison Magic   | |  0.5
Evocations     | |  0.8

Action                   || total
-------------------------++-------
Melee: Short sword       ||    65
       Punch             ||     1
       Bite              ||     6
 Cast: Foxfire           ||     5
  Use: Potion            ||     1
 Stab: Sleeping          ||     3
Armor: Leather armour    ||     8
Dodge: Dodged            ||    30

Table legend: (Time is in decaauts)
 A = Elapsed time spent in this place.
 B = Non-inter-level travel time spent in this place.
 C = Inter-level travel time spent in this place.
 D = Time resting spent in this place.
 E = Time spent auto-exploring this place.
 F = Levels seen in this place.
 G = Mean time per level.
                   A        B        C        D        E       F      G
               +--------+--------+--------+--------+--------+-----+--------+
         Total |    940 |    940 |      0 |      7 |    763 |   2 |  470.0 |
       Dungeon |    940 |    940 |      0 |      7 |    763 |   2 |  470.0 |
               +--------+--------+--------+--------+--------+-----+--------+

Top non-repeatable levels by time:
     D:1: 706 daAuts
     D:2: 234 daAuts
